 Dungeon Crawl Stone Soup version 0.19-a0-262-g5df7875 (webtiles) character file.

10998 Lugonue the Carver (level 11, -3/97 HPs)
             Began as a Centaur Gladiator on May 24, 2016.
             Was a High Priest of Okawaru.
             Slain by an ogre
             ... wielding a +0 giant club
              (20 damage)
             ... on level 2 of the Orcish Mines on May 25, 2016.
             The game lasted 00:52:05 (13706 turns).

Lugonue the Carver (Centaur Gladiator)             Turns: 13706, Time: 00:52:07

Health: -3/97      AC: 10    Str: 20    XL:     11   Next: 43%
Magic:  10/11      EV: 10    Int:  7    God:    Okawaru [*****.]
Gold:   1507       SH:  0    Dex: 11    Spells: 2 memorised, 7 levels left

rFire  . . .     SeeInvis .     a - +6 long sword
rCold  . . .     Gourm    .     K - +1 troll leather armour
rNeg   . . .     Faith    .     (no shield)
rPois  .         Spirit   .     c - +0 helmet
rElec  .         Dismiss  .     o - +2 cloak
rCorr  .         Reflect  .     (no gloves)
SustAt +         Harm     .     (no barding)
MR     .....                    (no amulet)
Stlth  +.........               (no ring)
                                p - ring of sustain attributes

@: very quick, not resistant to hostile enchantments, very unstealthy
A: hooves 3, deformed body, speed 2, tough skin 3
a: Heroism, Finesse, Renounce Religion


You were on level 2 of the Orcish Mines.
You worshipped Okawaru.
Okawaru was extremely pleased with you.
You were hungry.

You visited 2 branches of the dungeon, and saw 11 of its levels.

You collected 1507 gold pieces.

Inventory:

Hand Weapons
 a - a +6 long sword (weapon)
 b - a +1 shortbow of evasion
 s - a +3 falchion of slicing
Missiles
 r - 61 arrows
Armour
 c - a +0 helmet (worn)
 i - a +2 robe of resistance
 o - a +2 cloak (worn)
 C - a +0 buckler
 K - a +1 troll leather armour (worn)
Rods
 t - a -2 rod of ignition (10/10)
   (You found it on level 5 of the Dungeon)
Jewellery
 p - a ring of sustain attributes (left hand)
Wands
 k - a wand of slowing (35/48)
 l - a wand of acid (9/15)
 u - a wand of polymorph (3/24)
 w - a wand of acid (10/15)
 y - a wand of lightning (8/15)
 z - a wand of acid (11/15)
 B - a wand of confusion (14/48)
 F - a wand of polymorph (13/24)
 I - a wand of lightning (2/15)
Scrolls
 f - 2 scrolls of identify
 g - 5 scrolls of enchant armour
 j - a scroll of teleportation
 m - 3 scrolls of magic mapping
 E - 2 scrolls of remove curse
 H - a scroll of amnesia
Potions
 e - a potion of agility
 h - 5 potions of haste
 n - a potion of flight {unknown}
 v - a potion of brilliance {unknown}
 x - 3 potions of lignification {unknown}
 A - a potion of might {unknown}
 G - 2 potions of curing
Books
 D - a book of Spatial Translocations

   Spells                             Type                      Level
   a - Apportation                    Translocation                1
   b - Blink                          Translocation                2
   c - Shroud of Golubria             Charms/Translocation         2
   d - Portal Projectile              Translocation                3
   e - Teleport Other                 Translocation                3
   f - Passage of Golubria            Translocation                4
Comestibles
 d - 7 royal jellies
 q - 6 meat rations
 J - 3 chunks of flesh


   Skills:
 - Level 9.5 Fighting
 - Level 11.3 Long Blades
 - Level 11.3 Bows
 - Level 2.2 Throwing
 + Level 3.2 Armour
 - Level 2.2 Dodging
 - Level 1.0 Shields


You had 7 spell levels left.
You knew the following spells:

 Your Spells              Type           Power        Failure   Level  Hunger
a - Apportation           Tloc           #.........   56%         1    ##.....
b - Blink                 Tloc           N/A          80%         2    ###....


Dungeon Overview and Level Annotations

Branches:
Dungeon (9/15)             Temple (0/1) D:4            Lair (0/8) D:8
    Orc (2/2) D:9             Elf (0/3) Orc:2

Altars:
Ashenzari
Elyvilon
Gozag
Kikubaaqudgha
Makhleb
Nemelex Xobeh
Okawaru
Pakellas
Qazlal
Sif Muna
Trog
Zin
The Shining One
Beogh

Shops:
D:4 ?   Orc:2 %!


Innate Abilities, Weirdness & Mutations

You have hooves in place of feet.
Armour fits poorly on your strangely shaped body.
You cover ground very quickly.
You have extremely tough skin. (AC +3)


Message History

Okawaru grants you a gift!
You feel like a meek peon again.
The ogre moves out of view.
r - 61 arrows (gained 22)
You barely miss the ogre. You kick the ogre.
The ogre is lightly wounded.
The ogre hits you with a giant club!
You slice the ogre!!
The ogre is severely wounded.
An ogre comes into view. It is wielding a giant club.
The ogre shouts!
You hit the two-headed ogre.
The two-headed ogre is lightly wounded.
You fail to use your ability.
The two-headed ogre hits you with a giant club!
* * * LOW HITPOINT WARNING * * *
The two-headed ogre hits you with a giant club!
* * * LOW HITPOINT WARNING * * *
The ogre hits you with a giant club!!
You die...

#..####..)...#######.....## ##
#...##..)#....#.##........## #.
#....##..#.......#.....#...####
#...##....##..........<##...##.
#........###.........###.......
..#......O..###...)).....#.......
.....O.......###.))....####......
........(.(O(.#.(<)..[## #......
..#.....#..#.(OO@)((...####......
. #..#...####..O....#............
#..#..#####....#..##........#.#
#.....###......####..^......###
#..#.###......#####....[.######
#..### ##.....#..#......[..###.
##.#.............).##..
###...................
#....................


You could see a two-headed ogre and 4 ogres.

Vanquished Creatures
  2 ogre magi (Orc:2)
  Pikel (D:6)
  A deep elf mage (D:7)
  A queen bee (D:8)
  2 trolls
  Grinder (D:3)
  2 two-headed ogres (Orc:2)
  Sigmund (D:6)
  Grum (D:8)
  Menkaure (D:4)
  A warg (Orc:1)
  Duvessa (D:4)
  Edmund (D:5)
  A water moccasin (D:8)
  Purgy (D:4)
  10 orc warriors
  13 ogres
  4 ice beasts
  4 sky beasts
  A wasp (D:4)
  3 black bears (D:9)
  A phantom (D:5)
  2 wolves (D:8)
  A centaur (D:5)
  Blork the orc (D:6)
  A big kobold (D:8)
  2 giant frogs (D:7)
  Dowan (D:4)
  4 scorpions
  2 jellies
  29 killer bees
  2 howler monkeys
  3 crimson imps
  A quasit (D:7)
  Crazy Yiuf (D:6)
  11 orc priests
  A hound (D:3)
  A giant frog skeleton (D:4)
  9 orc wizards
  2 iguanas
  4 worker ants
  A hound skeleton (D:6)
  A hound zombie (D:9)
  A worker ant zombie (D:9)
  Robin (D:4)
  A howler monkey skeleton (D:7)
  14 adders
  3 gnolls (D:4)
  3 shadow imps
  An ooze (D:1)
  An adder skeleton (D:9)
  3 worms
  A dart slug (D:2)
  3 giant geckos
  46 orcs
  7 giant cockroaches
  22 goblins
  10 hobgoblins
  7 jackals
  16 kobolds
  3 quokkas
  2 ball pythons
  12 bats
  A giant gecko zombie (D:6)
  5 giant newts
  A quokka skeleton (D:7)
  A quokka zombie (D:6)
  9 rats
308 creatures vanquished.

Vanquished Creatures (others)
  A giant frog skeleton (D:6)
  A giant gecko (D:6)
  A plant (D:7)
3 creatures vanquished.

Grand Total: 311 creatures vanquished

Notes
Turn   | Place    | Note
--------------------------------------------------------------
     0 | D:1      | Lugonue the Centaur Gladiator began the quest for the Orb.
     0 | D:1      | Reached XP level 1. HP: 17/17 MP: 1/1
   454 | D:1      | Reached XP level 2. HP: 18/25 MP: 2/2
  1076 | D:2      | Reached XP level 3. HP: 30/30 MP: 3/3
  1580 | D:2      | Found an oddly glowing altar of Pakellas.
  1612 | D:2      | Reached XP level 4. HP: 30/38 MP: 4/4
  1642 | D:2      | Found a white marble altar of Elyvilon.
  1996 | D:3      | Found a burning altar of Makhleb.
  2177 | D:3      | Reached XP level 5. HP: 46/46 MP: 5/5
  2813 | D:3      | Noticed Grinder
  2833 | D:3      | Paralysed by Grinder for 2 turns
  3139 | D:4      | Found an iron altar of Okawaru.
  3144 | D:4      | Became a worshipper of Warmaster Okawaru
  3194 | D:4      | Found a staircase to the Ecumenical Temple.
  3243 | D:4      | Noticed Menkaure
  3259 | D:4      | Killed Menkaure
  3259 | D:4      | Reached skill level 5 in Long Blades
  3259 | D:4      | Reached XP level 6. HP: 16/53 MP: 6/6
  3493 | D:4      | Found Umoicvim's Magic Scroll Shop.
  3617 | D:4      | Noticed Purgy
  3658 | D:3      | Paralysed by Grinder for 2 turns
  3661 | D:3      | Killed Grinder
  3661 | D:3      | Reached * piety under Okawaru
  3661 | D:3      | Reached skill level 5 in Fighting
  3661 | D:3      | Reached XP level 7. HP: 43/61 MP: 7/7
  3878 | D:4      | Killed Purgy
  4074 | D:4      | Found an opulent altar of Gozag.
  4258 | D:4      | Noticed Duvessa
  4266 | D:3      | Upgraded the game from 0.19-a0-231-gae044c8 to 0.19-a0-262-g5df7875
  4435 | D:4      | Noticed Dowan
  4533 | D:4      | Found a glowing golden altar of the Shining One.
  4617 | D:4      | Killed Duvessa
  4623 | D:4      | Killed Dowan
  4821 | D:4      | Noticed Robin
  4832 | D:4      | Reached XP level 8. HP: 68/71 MP: 8/8
  4854 | D:4      | Killed Robin
  5140 | D:5      | Entered Level 5 of the Dungeon
  5486 | D:5      | Identified a -2 rod of ignition (10/10) (You found it on level 5 of the Dungeon)
  5539 | D:5      | Found a sparkling altar of Nemelex Xobeh.
  5628 | D:5      | Found an ancient bone altar of Kikubaaqudgha.
  5628 | D:5      | Found a stormy altar of Qazlal.
  5676 | D:5      | Reached ** piety under Okawaru
  5768 | D:5      | Noticed Edmund
  5784 | D:5      | Killed Edmund
  5964 | D:6      | Got an encrusted leather armour
  5978 | D:6      | Identified the +2 leather armour of the Okapi {rF- Str+6 Int+8} (You found it on level 6 of the Dungeon)
  6021 | D:6      | Noticed Sigmund
  6035 | D:6      | Killed Sigmund
  6035 | D:6      | Reached skill level 1 in Bows
  6078 | D:6      | Found a shattered altar of Ashenzari.
  6122 | D:6      | Noticed Blork the orc
  6128 | D:6      | Killed Blork the orc
  6552 | D:6      | Found a glowing silver altar of Zin.
  6594 | D:6      | Noticed Pikel
  6681 | D:6      | Killed Pikel
  6681 | D:6      | Reached *** piety under Okawaru
  6681 | D:6      | Reached XP level 9. HP: 48/81 MP: 9/9
  6845 | D:6      | Noticed Crazy Yiuf
  6858 | D:6      | Killed Crazy Yiuf
  7968 | D:7      | Reached **** piety under Okawaru
  7986 | D:7      | Reached skill level 5 in Bows
  8355 | D:7      | Reached skill level 10 in Long Blades
  9042 | D:7      | Noticed a deep elf mage
  9053 | D:7      | Killed a deep elf mage
  9053 | D:7      | Reached XP level 10. HP: 84/90 MP: 10/10
 10437 | D:8      | Learned a level 1 spell: Apportation
 10440 | D:8      | Learned a level 2 spell: Blink
 10466 | D:8      | Noticed Grum
 10482 | D:8      | Killed Grum
 10862 | D:8      | Found a staircase to the Lair.
 11073 | D:8      | Found a deep blue altar of Sif Muna.
 11428 | D:9      | Received a gift from Okawaru
 11528 | D:9      | Found a bloodstained altar of Trog.
 11662 | D:9      | Found a staircase to the Orcish Mines.
 11751 | D:9      | Found a roughly hewn altar of Beogh.
 11828 | D:9      | Reached skill level 1 in Shields
 11909 | Orc:1    | Entered Level 1 of the Orcish Mines
 12108 | Orc:1    | Received a gift from Okawaru
 12199 | Orc:1    | Reached skill level 10 in Bows
 12199 | Orc:1    | Reached XP level 11. HP: 85/97 MP: 11/11
 12330 | Orc:1    | Found a roughly hewn altar of Beogh.
 12582 | Orc:2    | Entered Level 2 of the Orcish Mines
 13232 | Orc:2    | Found a staircase to the Elven Halls.
 13659 | Orc:2    | Found Ixtomomm's Food Shoppe.
 13659 | Orc:2    | Found Tommutoim's Distillery.
 13659 | Orc:2    | Noticed an ogre mage
 13659 | Orc:2    | Noticed an ogre mage
 13660 | Orc:2    | Noticed an ogre mage
 13660 | Orc:2    | Noticed an ogre mage
 13683 | Orc:2    | Killed an ogre mage
 13683 | Orc:2    | Reached skill level 1 in Armour
 13695 | Orc:2    | Killed an ogre mage
 13695 | Orc:2    | Reached ***** piety under Okawaru
 13701 | Orc:2    | Received a gift from Okawaru
 13706 | Orc:2    | Slain by an ogre

Vault maps used:
D:1:      dpeg_arrival_round_b, serial_bayou_pond_a
D:2:      grunt_pakellas_salt, elyvilon_altar_5, first_bread
D:3:      bloody_makhleb, uniq_grinder
D:4:      kennysheep_goblin_castle, kennysheep_little_box, tso_altar,
          minmay_temple_entry_from_below_a, serial_shops, shop,
          okawaru_gym_becter, uniq_purgy, uniq_menkaure, uniq_duvessa,
          uniq_robin
D:5:      kennysheep_mini_moat, gammafunk_temple_overflow_wave, uniq_edmund
D:6:      nicolae_overflow_crystal_walls, lemuel_statue_altar,
          uniq_crazy_yiuf_cottage, uniq_sigmund, uniq_blork_the_orc, uniq_pikel
D:7:      minivault_24, guppyfry_early_elven_hall
D:8:      lemuel_doored_altar, lair_0_dummy, david_nohive_1, uniq_grum
D:9:      minmay_orc_entry_temple_small, grunt_decor_resistance,
          trog_ov_bears_minmay
Orc:1:    mines2_david
Orc:2:    st_orc_ogre_mass

Skill      XL: |  1  2  3  4  5  6  7  8  9 10 11 |
---------------+----------------------------------+-----
Long Blades    | 3 4 5 6 9 10 11 | 11.3
Fighting       | 3 4 5 6 8 9 |  9.5
Bows           | 2 6 10 11 | 11.3
Shields        | 1 |  1.0
Armour         | 3 |  3.2
Throwing       | |  2.2
Dodging        | |  2.2

Action                   |  1- 3 |  4- 6 |  7- 9 | 10-12 || total
-------------------------+-------+-------+-------+-------++-------
Melee: Long sword        |   120 |   129 |   234 |   200 ||   683
       Kick              |    18 |    18 |    88 |    57 ||   181
       Punch             |       |       |     2 |     4 ||     6
       Falchion          |       |       |   148 |   100 ||   248
 Fire: Shortbow          |       |       |    50 |   246 ||   296
Throw: Throwing net      |     2 |       |     6 |     3 ||    11
Invok: Heroism           |       |       |    15 |    15 ||    30
  Use: Scroll            |     3 |    15 |     8 |     7 ||    33
       Potion            |       |     2 |     5 |     4 ||    11
 Stab: Held in net/web   |     1 |       |     2 |     2 ||     5
       Invisible         |       |       |     6 |     6 ||    12
  Eat: Bread ration      |     1 |     1 |       |     1 ||     3
       Beef jerky        |       |     1 |       |       ||     1
       Chunk             |       |       |     5 |     4 ||     9
       Royal jelly       |       |       |     1 |     1 ||     2
       Meat ration       |       |       |     1 |       ||     1
       Pizza             |       |       |       |     1 ||     1
Armor: Leather armour    |    61 |    74 |    24 |       ||   159
       Robe              |       |       |   133 |   103 ||   236
       Troll leather arm |       |       |       |     2 ||     2
Dodge: Dodged            |    61 |    56 |   263 |   196 ||   576
Block: Buckler           |       |       |       |     6 ||     6
